WCHLSIM.com - West Coast Hockey League
html PUBLIC "-//W3C//DTD XHTML 1.0 Transitional//EN" "http://www.w3.org/TR/xhtml1/DTD/xhtml1-transitional.dtd"> WCHL - Game 1005 - EDMONTON ICE vs SACRAMENTO BANDITS

EDMONTON ICE vs SACRAMENTO BANDITS

Created - 12 mars 2024 at 20:48

Goals
1 2 3 T
EDMONTON ICE 0 2 0 2
SACRAMENTO BANDITS 0 0 3 3
Shots
1 2 3 T
EDMONTON ICE 6 15 11 32
SACRAMENTO BANDITS 10 8 14 32

1st period

No Goal

Penalties :
Nino Niederreiter (EDM) for Holding (Minor) at 5:33, Evander Kane (SAC) for High sticking (Minor) at 12:21

2nd period

1. EDMONTON ICE , Jack Eichel 40 (Michael Matheson 34, Shea Theodore 23) at 12:44 (PP)
2. EDMONTON ICE , Jack Eichel 41 (Alex Tuch 49) at 13:49

Penalties :
Radko Gudas (SAC) for Roughing (Minor) at 1:48, Ryan McDonagh (SAC) for Roughing (Minor) at 11:25

3rd period

3. SACRAMENTO BANDITS , Robert Fabbri 7 (Alexandre Carrier 5) at 2:25
4. SACRAMENTO BANDITS , Alexandre Carrier 4 (Brandon Tanev 11, Rasmus Sandin 14) at 7:21
5. SACRAMENTO BANDITS , Evander Kane 2 (Andrew Copp 24) at 12:07

Penalties :
Nino Niederreiter (EDM) for Hooking (Minor) at 3:09, Ryan Graves (EDM) for Tripping (Minor) at 9:07

Goalie Stats

Vitek Vanecek (EDM), 29 saves from 32 shots - (0,906), L, 35-17-4, 59:00 minutes
Carter Hart (SAC), 30 saves from 32 shots - (0,938), W, 33-17-0, 60:00 minutes

Players Stats for EDMONTON ICE

Player Name              G  A  P  +/- PIM S  H  SB GA TA FO     MP     PP MP  PK MP  
------------------------------------------------------------------------------------
Alex Tuch                0  1  1   0  0   7  0  1  0  0  0/1    20:17   2:56   0:00 
Anthony Beauvillier      0  0  0  -2  0   1  1  0  0  0  0/2    13:12   0:00   1:01 
Anton Lundell            0  0  0   0  0   1  0  0  0  0  5/7     6:40   0:00   3:09 
Dawson Mercer            0  0  0  -2  0   4  0  0  0  0  9/22   16:53   2:21   1:57 
Evgeny Dadonov           0  0  0  -2  0   0  0  0  0  0  0/1    13:44   0:00   1:33 
Jack Eichel              2  0  2   0  0   9  1  0  0  0  19/35  20:31   2:56   0:14 
Jarred Tinordi           0  0  0   0  0   0  0  0  0  0  0/0     3:03   0:00   0:00 
Jonas Brodin             0  0  0  -2  0   0  2  2  0  0  0/0    15:40   0:00   3:36 
Jordan Spence            0  0  0   1  0   0  2  2  0  0  0/0    17:33   2:03   0:00 
Michael Matheson         0  1  1  -1  0   0  2  1  0  0  0/0    25:23   3:14   3:36 
Nino Niederreiter        0  0  0   0  4   2  0  0  0  0  1/1    19:07   2:21   0:00 
Ryan Graves              0  0  0   1  2   2  1  0  0  0  0/0    21:10   2:03   0:59 
Scott Laughton           0  0  0   0  0   2  3  0  0  0  1/1    23:17   2:21   1:09 
Shea Theodore            0  1  1  -1  0   2  3  0  0  0  0/0    23:09   3:14   1:22 
Tanner Jeannot           0  0  0   0  0   0  0  0  0  0  0/0     6:22   0:00   2:51 
Thomas Novak             0  0  0   0  0   1  1  0  0  0  9/25   15:19   0:00   0:00 
Tomas Tatar              0  0  0   0  0   1  2  0  0  0  0/1    18:39   2:56   0:00 
Zach Whitecloud          0  0  0  -2  0   0  2  0  0  0  0/0    14:01   0:00   2:21 

Players Stats for SACRAMENTO BANDITS

Player Name              G  A  P  +/- PIM S  H  SB GA TA FO     MP     PP MP  PK MP  
------------------------------------------------------------------------------------
Aaron Ekblad             0  0  0   0  0   1  1  1  0  0  0/0    22:53   3:09   0:40 
Alexandre Carrier        1  1  2   3  0   2  1  0  0  0  0/0    14:08   0:00   2:43 
Andre Burakovsky         0  0  0  -1  0   5  0  0  0  0  1/2    20:26   3:25   1:04 
Andrew Copp              0  1  1   2  0   1  0  0  0  0  17/31  19:38   2:32   3:08 
Brandon Tanev            0  1  1   2  0   1  2  0  0  0  1/3    19:27   2:32   2:57 
Cody Glass               0  0  0   1  0   0  0  0  0  0  7/16   13:36   0:00   0:00 
Danil Gushchin           0  0  0   0  0   3  1  0  0  0  1/2     5:15   0:00   0:00 
Evander Kane             1  0  1   2  2   3  0  0  0  0  0/0    17:45   2:32   1:16 
Evgeny Kuznetsov         0  0  0  -1  0   4  2  0  0  0  19/30  19:22   3:25   0:00 
Fabian Zetterlund        0  0  0   0  0   0  0  0  0  0  1/1     5:15   0:00   0:00 
Janis Moser              0  0  0  -1  0   0  0  0  0  0  0/0    23:39   2:48   2:34 
Jonathan Huberdeau       0  0  0  -1  0   1  2  1  0  0  1/1    19:22   3:25   0:00 
Jordan Martinook         0  0  0   1  0   1  3  0  0  0  1/5    15:45   0:00   2:09 
Peyton Krebs             0  0  0   0  0   0  2  0  0  0  3/5     5:15   0:00   0:00 
Radko Gudas              0  0  0   0  2   0  7  1  0  0  0/0    16:53   0:00   1:40 
Rasmus Sandin            0  1  1   3  0   3  1  0  0  0  0/0    17:43   2:48   2:57 
Robert Fabbri            1  0  1   1  0   5  0  0  0  0  0/0    13:36   0:00   0:00 
Ryan McDonagh            0  0  0  -1  2   2  2  1  0  0  0/0    24:42   3:09   0:00 

3 Stars

1 - Alexandre Carrier (SAC)
2 - Jack Eichel (EDM)
3 - Rasmus Sandin (SAC)

Power Play

EDMONTON ICE - 1 on 3 Attempt(s) - 33,33%
SACRAMENTO BANDITS - 0 on 3 Attempt(s) - 0,00%

Penalty Kill

EDMONTON ICE - 3 on 3 Attempt(s) - 100,00% - Score 0 goal in Penalty Kill
SACRAMENTO BANDITS - 2 on 3 Attempt(s) - 66,67% - Score 0 goal in Penalty Kill

Team Stat

EDMONTON ICE - Hits : 20 - Faceoff Wins : 44 - Blocked Shots : 6 - Penalty Minutes : 6
SACRAMENTO BANDITS - Hits : 24 - Faceoff Wins : 52 - Blocked Shots : 4 - Penalty Minutes : 6

Official

Referees : Brandon Blandina and Chris Schlenker
Linesman : Kyle Allen and Kiel Murchison

Game Notes

No Game Note

Finance

Level 1 -- Attendance: 6205 (100,00%) -- Ticket Income 992 800 $
Level 2 -- Attendance: 4705 (89,11%) -- Ticket Income 658 700 $
Level 3 -- Attendance: 1757 (82,30%) -- Ticket Income 210 840 $
Level 4 -- Attendance: 3216 (75,14%) -- Ticket Income 289 440 $
Luxury Box -- Attendance: 1010 (100,00%) -- Ticket Income 303 000 $
Game was played at the Sacramento Center Palace.
Total Attendance: 16893 (89,33%)
Total Ticket Income: 2 454 780 $
Other Expense: 24 548 $
Total Income: 2 430 232 $

EDMONTON ICE

5 vs 5 Forward 
   Center                   Left Wing                Right Wing               Time % Phy DF OF 
 1 Jack Eichel              Nino Niederreiter        Alex Tuch                36     0   2  3  
 2 Thomas Novak             Scott Laughton           Tomas Tatar              33     1   2  2  
 3 Dawson Mercer            Anthony Beauvillier      Evgeny Dadonov           24     1   3  1  
 4 Anton Lundell            Scott Laughton           Tanner Jeannot           7      0   3  2  

5 vs 5 Defense 
   Defense                  Defense                                           Time % Phy DF OF 
 1 Shea Theodore            Michael Matheson                                  37     1   2  2  
 2 Jordan Spence            Ryan Graves                                       32     0   3  2  
 3 Zach Whitecloud          Jonas Brodin                                      25     0   4  1  
 4 Ryan Graves              Jarred Tinordi                                    6      0   3  2  

PowerPlay Forward 
   Center                   Left Wing                Right Wing               Time % Phy DF OF 
 1 Jack Eichel              Tomas Tatar              Alex Tuch                60     1   2  2  
 2 Dawson Mercer            Scott Laughton           Nino Niederreiter        40     1   2  2  

PowerPlay Defense
   Defense                  Defense                                           Time % Phy DF OF 
 1 Shea Theodore            Michael Matheson                                  60     0   2  3  
 2 Ryan Graves              Jordan Spence                                     40     0   2  3  

Penalty Kill 4 Players Forward 
   Center                   Wing                     Time % Phy DF OF 
 1 Anton Lundell            Tanner Jeannot           60     0   5  0  
 2 Scott Laughton           Evgeny Dadonov           40     0   5  0  

Penalty Kill 4 Players Defense
   Defense                  Defense                  Time % Phy DF OF 
 1 Michael Matheson         Jonas Brodin             60     0   5  0  
 2 Zach Whitecloud          Ryan Graves              40     0   5  0  

Penalty Kill - 3 Players Forward 
   Forward                                           Time % Phy DF OF 
 1 Anton Lundell                                     55     0   4  1  
 2 Thomas Novak                                      45     0   4  1  

Penalty Kill - 3 Players Defense
   Defense                  Defense                  Time % Phy DF OF 
 1 Zach Whitecloud          Ryan Graves              55     0   5  0  
 2 Jonas Brodin             Jarred Tinordi           45     0   5  0  

4 vs 4 Forward 
   Center                   Wing                     Time % Phy DF OF 
 1 Dawson Mercer            Nino Niederreiter        55     1   2  2  
 2 Thomas Novak             Evgeny Dadonov           45     1   2  2  

4 vs 4 Defense
   Defense                  Defense                  Time % Phy DF OF 
 1 Shea Theodore            Michael Matheson         55     1   2  2  
 2 Zach Whitecloud          Jarred Tinordi           45     1   2  2  

Last Minutes Offensive
   Center                   Left Wing                Right Wing               Defense                  Defense                  
   Jack Eichel              Scott Laughton           Alex Tuch                Shea Theodore            Michael Matheson         

Last Minutes Defensive
   Center                   Left Wing                Right Wing               Defense                  Defense                  
   Scott Laughton           Tanner Jeannot           Alex Tuch                Jonas Brodin             Michael Matheson         

Goaltenders
Starting : Vitek Vanecek            
Backup : Jonathan Quick           

Extra Forwards
Normal : Dawson Mercer, Tomas Tatar, Anton Lundell - PP : Thomas Novak, Dawson Mercer - PK : Dawson Mercer
Extra Defensemen
Normal : Shea Theodore, Michael Matheson, Jonas Brodin - PP : Jonas Brodin - PK : Ryan Graves, Shea Theodore
Penalty Shots
Alex Tuch, Jack Eichel, Thomas Novak, Dawson Mercer, Tomas Tatar
Custom OT Lines Forwards
Alex Tuch, Jack Eichel, Scott Laughton, Tomas Tatar, Nino Niederreiter, Dawson Mercer, Thomas Novak, Anthony Beauvillier, Anton Lundell, Evgeny Dadonov
Custom OT Lines Defensemen
Shea Theodore, Michael Matheson, Jonas Brodin, Ryan Graves, Jordan Spence

Scratches
Austin Watson (Healthy), Anthony Mantha (Healthy), Joshua Mahura (Healthy)

SACRAMENTO BANDITS

5 vs 5 Forward 
   Center                   Left Wing                Right Wing               Time % Phy DF OF 
 1 Evgeny Kuznetsov         Jonathan Huberdeau       Andre Burakovsky         35     1   2  2  
 2 Andrew Copp              Evander Kane             Brandon Tanev            30     1   2  2  
 3 Cody Glass               Robert Fabbri            Jordan Martinook         30     1   2  2  
 4 Peyton Krebs             Fabian Zetterlund        Danil Gushchin           5      1   2  2  

5 vs 5 Defense 
   Defense                  Defense                                           Time % Phy DF OF 
 1 Ryan McDonagh            Aaron Ekblad                                      36     1   2  2  
 2 Janis Moser              Radko Gudas                                       31     1   2  2  
 3 Rasmus Sandin            Alexandre Carrier                                 23     1   2  2  
 4 Ryan McDonagh            Janis Moser                                       10     1   2  2  

PowerPlay Forward 
   Center                   Left Wing                Right Wing               Time % Phy DF OF 
 1 Evgeny Kuznetsov         Jonathan Huberdeau       Andre Burakovsky         55     1   2  2  
 2 Andrew Copp              Evander Kane             Brandon Tanev            45     1   2  2  

PowerPlay Defense
   Defense                  Defense                                           Time % Phy DF OF 
 1 Ryan McDonagh            Aaron Ekblad                                      55     1   2  2  
 2 Rasmus Sandin            Janis Moser                                       45     1   2  2  

Penalty Kill 4 Players Forward 
   Center                   Wing                     Time % Phy DF OF 
 1 Andrew Copp              Brandon Tanev            55     1   2  2  
 2 Jordan Martinook         Evander Kane             45     1   2  2  

Penalty Kill 4 Players Defense
   Defense                  Defense                  Time % Phy DF OF 
 1 Janis Moser              Radko Gudas              55     1   2  2  
 2 Rasmus Sandin            Alexandre Carrier        45     1   2  2  

Penalty Kill - 3 Players Forward 
   Forward                                           Time % Phy DF OF 
 1 Andrew Copp                                       55     1   2  2  
 2 Jordan Martinook                                  45     1   2  2  

Penalty Kill - 3 Players Defense
   Defense                  Defense                  Time % Phy DF OF 
 1 Janis Moser              Radko Gudas              55     1   2  2  
 2 Rasmus Sandin            Alexandre Carrier        45     1   2  2  

4 vs 4 Forward 
   Center                   Wing                     Time % Phy DF OF 
 1 Evgeny Kuznetsov         Andre Burakovsky         55     1   2  2  
 2 Andrew Copp              Jonathan Huberdeau       45     1   2  2  

4 vs 4 Defense
   Defense                  Defense                  Time % Phy DF OF 
 1 Ryan McDonagh            Aaron Ekblad             55     1   2  2  
 2 Janis Moser              Radko Gudas              45     1   2  2  

Last Minutes Offensive
   Center                   Left Wing                Right Wing               Defense                  Defense                  
   Evgeny Kuznetsov         Jonathan Huberdeau       Andre Burakovsky         Aaron Ekblad             Ryan McDonagh            

Last Minutes Defensive
   Center                   Left Wing                Right Wing               Defense                  Defense                  
   Andrew Copp              Evander Kane             Brandon Tanev            Aaron Ekblad             Ryan McDonagh            

Goaltenders
Starting : Carter Hart              
Backup : Jean-Francois Berube     

Extra Forwards
Normal : Evgeny Kuznetsov, Jonathan Huberdeau, Jordan Martinook - PP : Evgeny Kuznetsov, Jonathan Huberdeau - PK : Jordan Martinook
Extra Defensemen
Normal : Ryan McDonagh, Janis Moser, Rasmus Sandin - PP : Janis Moser - PK : Janis Moser, Rasmus Sandin
Penalty Shots
Jonathan Huberdeau, Evgeny Kuznetsov, Jordan Martinook, Andrew Copp, Andre Burakovsky
Custom OT Lines Forwards
Andrew Copp, Evgeny Kuznetsov, Andre Burakovsky, Jonathan Huberdeau, Evander Kane, Brandon Tanev, Cody Glass, Robert Fabbri, Jordan Martinook, Peyton Krebs
Custom OT Lines Defensemen
Ryan McDonagh, Aaron Ekblad, Janis Moser, Rasmus Sandin, Alexandre Carrier

Scratches
Brendan Smith (Healthy), Daniel Vladar (Broken Right Foot Toe Injury)

% Time on Ice - EDMONTON ICE

Lines # - Real PCT - Wanted PCT - Time Play
Normal Forward
1 - 35% - 36% - 16:48
2 - 32% - 33% - 15:19
3 - 25% - 24% - 12:11
4 - 7% - 7% - 3:31
Normal Defense
1 - 38% - 37% - 18:00
2 - 32% - 32% - 15:30
3 - 24% - 25% - 11:40
4 - 6% - 6% - 2:39
PP Forward
1 - 56% - 60% - 2:56
2 - 44% - 40% - 2:21
PP Defense
1 - 61% - 60% - 3:14
2 - 39% - 40% - 2:03
PK Forward
1 - 74% - 60% - 4:24
2 - 26% - 40% - 1:33
PK Defense
1 - 61% - 60% - 3:36
2 - 39% - 40% - 2:21
PK3 Forward
1 - 0% - 55%
2 - 0% - 45%
PK3 Defense
1 - 0% - 55%
2 - 0% - 45%
44 Forward
1 - 0% - 55%
2 - 0% - 45%
44 Defense
1 - 0% - 55%
2 - 0% - 45%
Last Minute Offensive  - 0:57
Last Minute Defensive  - 0:00
Total
Forward - 60:00
Defense - 60:00

% Time on Ice - SACRAMENTO BANDITS

Lines # - Real PCT - Wanted PCT - Time Play
Normal Forward
1 - 33% - 35% - 15:57
2 - 27% - 30% - 13:01
3 - 28% - 30% - 13:36
4 - 11% - 5% - 5:15
Normal Defense
1 - 38% - 36% - 18:22
2 - 32% - 31% - 15:14
3 - 24% - 23% - 11:25
4 - 6% - 10% - 2:48
PP Forward
1 - 57% - 55% - 3:25
2 - 43% - 45% - 2:32
PP Defense
1 - 53% - 55% - 3:09
2 - 47% - 45% - 2:48
PK Forward
1 - 59% - 55% - 3:08
2 - 41% - 45% - 2:09
PK Defense
1 - 49% - 55% - 2:34
2 - 51% - 45% - 2:43
PK3 Forward
1 - 0% - 55%
2 - 0% - 45%
PK3 Defense
1 - 0% - 55%
2 - 0% - 45%
44 Forward
1 - 0% - 55%
2 - 0% - 45%
44 Defense
1 - 0% - 55%
2 - 0% - 45%
Last Minute Offensive  - 0:00
Last Minute Defensive  - 0:57
Total
Forward - 60:00
Defense - 60:00

Play-by-Play

1st period


0:01 of 1st period - Jack Eichel wins face-off versus Evgeny Kuznetsov in neutral zone.
0:01 of 1st period - Alex Tuch is hit by Evgeny Kuznetsov and loses puck.
0:06 of 1st period - Shot by Jack Eichel.
0:06 of 1st period - Shot Misses the Net.
0:08 of 1st period - Shot by Alex Tuch.
0:08 of 1st period - Stopped by Carter Hart without a rebound.
0:09 of 1st period - Andrew Copp wins face-off versus Thomas Novak in SACRAMENTO BANDITS zone.
0:30 of 1st period - Scott Laughton is hit by Brandon Tanev and loses puck.
1:08 of 1st period - Icing by Ryan Graves.
1:09 of 1st period - Thomas Novak wins face-off versus Cody Glass in EDMONTON ICE zone.
2:53 of 1st period - Shot by Dawson Mercer.
2:53 of 1st period - Shot Misses the Net.
3:05 of 1st period - Shot by Dawson Mercer.
3:05 of 1st period - Stopped by Carter Hart with a rebound.
3:24 of 1st period - Icing by Tanner Jeannot.
3:25 of 1st period - Anton Lundell wins face-off versus Danil Gushchin in EDMONTON ICE zone.
4:42 of 1st period - Jarred Tinordi is hit by Brandon Tanev and loses puck.
5:33 of 1st period - Minor Penalty to Nino Niederreiter for Holding.
5:34 of 1st period - Dawson Mercer wins face-off versus Evgeny Kuznetsov in EDMONTON ICE zone.
5:38 of 1st period - Off-side.
5:39 of 1st period - Evgeny Kuznetsov wins face-off versus Dawson Mercer in neutral zone.
5:55 of 1st period - Shot by Ryan McDonagh.
5:55 of 1st period - Shot Blocked by Jonas Brodin.
5:57 of 1st period - Shot by Ryan McDonagh.
5:57 of 1st period - Stopped by Vitek Vanecek without a rebound.
5:58 of 1st period - Andrew Copp wins face-off versus Dawson Mercer in EDMONTON ICE zone.
6:01 of 1st period - Shot by Rasmus Sandin.
6:01 of 1st period - Stopped by Vitek Vanecek without a rebound.
6:02 of 1st period - Evgeny Kuznetsov wins face-off versus Dawson Mercer in EDMONTON ICE zone.
6:34 of 1st period - Shot by Rasmus Sandin.
6:34 of 1st period - Shot Misses the Net.
6:46 of 1st period - Shot by Jonathan Huberdeau.
6:46 of 1st period - Shot Blocked by Michael Matheson.
6:48 of 1st period - Shot by Rasmus Sandin.
6:48 of 1st period - Shot Misses the Net.
7:01 of 1st period - Icing by Aaron Ekblad.
7:02 of 1st period - Scott Laughton wins face-off versus Andrew Copp in SACRAMENTO BANDITS zone.
7:14 of 1st period - Shot by Aaron Ekblad.
7:14 of 1st period - Stopped by Vitek Vanecek without a rebound.
7:15 of 1st period - Anton Lundell wins face-off versus Brandon Tanev in EDMONTON ICE zone.
7:21 of 1st period - Off-side.
7:22 of 1st period - Anton Lundell wins face-off versus Andrew Copp in neutral zone.
7:39 of 1st period - Shea Theodore is hit by Radko Gudas and loses puck.
7:48 of 1st period - Shot by Andre Burakovsky.
7:48 of 1st period - Shot Misses the Net.
8:46 of 1st period - Tomas Tatar is hit by Jonathan Huberdeau and loses puck.
9:14 of 1st period - Off-side.
9:15 of 1st period - Andrew Copp wins face-off versus Dawson Mercer in neutral zone.
9:39 of 1st period - Off-side.
9:40 of 1st period - Jack Eichel wins face-off versus Cody Glass in neutral zone.
9:58 of 1st period - Jack Eichel is hit by Ryan McDonagh and loses puck.
10:05 of 1st period - Shot by Jack Eichel.
10:05 of 1st period - Stopped by Carter Hart with a rebound.
10:26 of 1st period - Robert Fabbri is hit by Shea Theodore and loses puck.
11:21 of 1st period - Icing by Thomas Novak.
11:22 of 1st period - Evgeny Kuznetsov wins face-off versus Thomas Novak in EDMONTON ICE zone.
11:23 of 1st period - Shot by Andre Burakovsky.
11:23 of 1st period - Shot Misses the Net.
11:38 of 1st period - Icing by Alexandre Carrier.
11:39 of 1st period - Dawson Mercer wins face-off versus Evgeny Kuznetsov in SACRAMENTO BANDITS zone.
11:52 of 1st period - Shot by Dawson Mercer.
11:52 of 1st period - Stopped by Carter Hart without a rebound.
11:53 of 1st period - Brandon Tanev wins face-off versus Jack Eichel in SACRAMENTO BANDITS zone.
12:03 of 1st period - Icing by Brandon Tanev.
12:04 of 1st period - Andrew Copp wins face-off versus Dawson Mercer in SACRAMENTO BANDITS zone.
12:10 of 1st period - Zach Whitecloud is hit by Radko Gudas and loses puck.
12:21 of 1st period - Minor Penalty to Evander Kane for High sticking.
12:22 of 1st period - Jack Eichel wins face-off versus Andrew Copp in SACRAMENTO BANDITS zone.
14:24 of 1st period - Evgeny Dadonov is hit by Ryan McDonagh and loses puck.
14:27 of 1st period - Shot by Dawson Mercer.
14:27 of 1st period - Shot Misses the Net.
14:29 of 1st period - Shot by Dawson Mercer.
14:29 of 1st period - Stopped by Carter Hart without a rebound.
14:30 of 1st period - Peyton Krebs wins face-off versus Anton Lundell in SACRAMENTO BANDITS zone.
14:37 of 1st period - Anton Lundell is hit by Peyton Krebs.
15:10 of 1st period - Jonas Brodin is hit by Peyton Krebs and loses puck.
15:27 of 1st period - Alex Tuch is hit by Danil Gushchin and loses puck.
15:52 of 1st period - Shot by Andrew Copp.
15:52 of 1st period - Shot Misses the Net.
16:00 of 1st period - Shot by Brandon Tanev.
16:00 of 1st period - Shot Blocked by Jordan Spence.
16:02 of 1st period - Shot by Alexandre Carrier.
16:02 of 1st period - Stopped by Vitek Vanecek without a rebound.
16:03 of 1st period - Jonathan Huberdeau wins face-off versus Dawson Mercer in EDMONTON ICE zone.
16:08 of 1st period - Shot by Evgeny Kuznetsov.
16:08 of 1st period - Shot Misses the Net.
16:33 of 1st period - Shot by Jonathan Huberdeau.
16:33 of 1st period - Shot Misses the Net.
17:23 of 1st period - Shot by Andrew Copp.
17:23 of 1st period - Stopped by Vitek Vanecek with a rebound.
17:25 of 1st period - Shot by Andrew Copp.
17:25 of 1st period - Shot Misses the Net.
18:03 of 1st period - Shot by Robert Fabbri.
18:03 of 1st period - Stopped by Vitek Vanecek without a rebound.
18:04 of 1st period - Jack Eichel wins face-off versus Peyton Krebs in EDMONTON ICE zone.
18:24 of 1st period - Icing by Janis Moser.
18:25 of 1st period - Peyton Krebs wins face-off versus Thomas Novak in SACRAMENTO BANDITS zone.
18:25 of 1st period - Fabian Zetterlund is hit by Scott Laughton and loses puck.
18:31 of 1st period - Ryan McDonagh is hit by Jordan Spence and loses puck.
18:44 of 1st period - Shot by Peyton Krebs.
18:44 of 1st period - Shot Misses the Net.
18:46 of 1st period - Shot by Janis Moser.
18:46 of 1st period - Shot Blocked by Jordan Spence.
18:52 of 1st period - Shot by Danil Gushchin.
18:52 of 1st period - Stopped by Vitek Vanecek without a rebound.
18:53 of 1st period - Evgeny Kuznetsov wins face-off versus Jack Eichel in EDMONTON ICE zone.
18:56 of 1st period - Shot by Andre Burakovsky.
18:56 of 1st period - Stopped by Vitek Vanecek without a rebound.
18:57 of 1st period - Evgeny Kuznetsov wins face-off versus Jack Eichel in EDMONTON ICE zone.
18:58 of 1st period - Shot by Andre Burakovsky.
18:58 of 1st period - Stopped by Vitek Vanecek with a rebound.
19:00 of 1st period - Shot by Alexandre Carrier.
19:00 of 1st period - Shot Misses the Net.
19:02 of 1st period - Shot by Rasmus Sandin.
19:02 of 1st period - Shot Misses the Net.
19:14 of 1st period - Shot by Jonathan Huberdeau.
19:14 of 1st period - Shot Misses the Net.
19:16 of 1st period - Shot by Alexandre Carrier.
19:16 of 1st period - Shot Misses the Net.
19:18 of 1st period - Shot by Rasmus Sandin.
19:18 of 1st period - Stopped by Vitek Vanecek without a rebound.
19:19 of 1st period - Thomas Novak wins face-off versus Cody Glass in EDMONTON ICE zone.
19:26 of 1st period - Shot by Tomas Tatar.
19:26 of 1st period - Stopped by Carter Hart without a rebound.
19:27 of 1st period - Evgeny Kuznetsov wins face-off versus Thomas Novak in SACRAMENTO BANDITS zone.
19:27 of 1st period - Evgeny Kuznetsov is hit by Scott Laughton.
19:30 of 1st period - Icing by Jonathan Huberdeau.
19:31 of 1st period - Thomas Novak wins face-off versus Evgeny Kuznetsov in SACRAMENTO BANDITS zone.
19:31 of 1st period - Tomas Tatar is hit by Radko Gudas and loses puck.
Goals for this period are 0 for EDMONTON ICE vs 0 for SACRAMENTO BANDITS.
Shots for this period are 6 for EDMONTON ICE vs 10 for SACRAMENTO BANDITS.

2nd period


0:01 of 2nd period - Jack Eichel wins face-off versus Andrew Copp in neutral zone.
1:10 of 2nd period - Shot by Scott Laughton.
1:10 of 2nd period - Shot Misses the Net.
1:12 of 2nd period - Shot by Thomas Novak.
1:12 of 2nd period - Shot Hit the Post.
1:14 of 2nd period - Shot by Jordan Spence.
1:14 of 2nd period - Shot Misses the Net.
1:47 of 2nd period - Evgeny Dadonov is hit by Radko Gudas and loses puck.
1:48 of 2nd period - Minor Penalty to Radko Gudas for Roughing.
1:49 of 2nd period - Dawson Mercer wins face-off versus Andrew Copp in SACRAMENTO BANDITS zone.
2:34 of 2nd period - Shot by Alex Tuch.
2:34 of 2nd period - Stopped by Carter Hart without a rebound.
2:35 of 2nd period - Jack Eichel wins face-off versus Jordan Martinook in SACRAMENTO BANDITS zone.
2:40 of 2nd period - Shot by Jack Eichel.
2:40 of 2nd period - Shot Misses the Net.
2:42 of 2nd period - Shot by Alex Tuch.
2:42 of 2nd period - Stopped by Carter Hart without a rebound.
2:43 of 2nd period - Jordan Martinook wins face-off versus Jack Eichel in SACRAMENTO BANDITS zone.
3:00 of 2nd period - Shot by Jack Eichel.
3:00 of 2nd period - Stopped by Carter Hart without a rebound.
3:01 of 2nd period - Nino Niederreiter wins face-off versus Andrew Copp in SACRAMENTO BANDITS zone.
3:29 of 2nd period - Shot by Dawson Mercer.
3:29 of 2nd period - Stopped by Carter Hart without a rebound.
3:30 of 2nd period - Jack Eichel wins face-off versus Jordan Martinook in SACRAMENTO BANDITS zone.
3:57 of 2nd period - Shot by Dawson Mercer.
3:57 of 2nd period - Shot Misses the Net.
4:13 of 2nd period - Shot by Evgeny Dadonov.
4:13 of 2nd period - Shot Misses the Net.
5:03 of 2nd period - Jack Eichel is hit by Jordan Martinook and loses puck.
5:11 of 2nd period - Off-side.
5:12 of 2nd period - Thomas Novak wins face-off versus Andrew Copp in neutral zone.
5:31 of 2nd period - Shot by Brandon Tanev.
5:31 of 2nd period - Stopped by Vitek Vanecek without a rebound.
5:32 of 2nd period - Peyton Krebs wins face-off versus Dawson Mercer in EDMONTON ICE zone.
5:43 of 2nd period - Shot by Danil Gushchin.
5:43 of 2nd period - Stopped by Vitek Vanecek without a rebound.
5:44 of 2nd period - Cody Glass wins face-off versus Thomas Novak in EDMONTON ICE zone.
5:59 of 2nd period - Shot by Scott Laughton.
5:59 of 2nd period - Shot Misses the Net.
7:12 of 2nd period - Shot by Alex Tuch.
7:12 of 2nd period - Stopped by Carter Hart without a rebound.
7:13 of 2nd period - Evgeny Kuznetsov wins face-off versus Dawson Mercer in SACRAMENTO BANDITS zone.
7:13 of 2nd period - Evgeny Kuznetsov is hit by Anthony Beauvillier.
7:44 of 2nd period - Andre Burakovsky is hit by Zach Whitecloud and loses puck.
7:53 of 2nd period - Jonas Brodin is hit by Evgeny Kuznetsov and loses puck.
8:47 of 2nd period - Andrew Copp is hit by Jonas Brodin and loses puck.
9:18 of 2nd period - Shot by Danil Gushchin.
9:18 of 2nd period - Stopped by Vitek Vanecek without a rebound.
9:19 of 2nd period - Evgeny Kuznetsov wins face-off versus Jack Eichel in EDMONTON ICE zone.
9:19 of 2nd period - Evgeny Kuznetsov is hit by Shea Theodore.
9:33 of 2nd period - Shot by Jonathan Huberdeau.
9:33 of 2nd period - Stopped by Vitek Vanecek with a rebound.
9:35 of 2nd period - Shot by Rasmus Sandin.
9:35 of 2nd period - Shot Misses the Net.
9:37 of 2nd period - Shot by Rasmus Sandin.
9:37 of 2nd period - Shot Misses the Net.
9:39 of 2nd period - Shot by Andre Burakovsky.
9:39 of 2nd period - Stopped by Vitek Vanecek without a rebound.
9:40 of 2nd period - Thomas Novak wins face-off versus Cody Glass in EDMONTON ICE zone.
9:40 of 2nd period - Thomas Novak is hit by Jordan Martinook.
10:42 of 2nd period - Shot by Nino Niederreiter.
10:42 of 2nd period - Stopped by Carter Hart without a rebound.
10:43 of 2nd period - Evgeny Kuznetsov wins face-off versus Jack Eichel in SACRAMENTO BANDITS zone.
11:05 of 2nd period - Shot by Alex Tuch.
11:05 of 2nd period - Stopped by Carter Hart without a rebound.
11:06 of 2nd period - Anton Lundell wins face-off versus Andrew Copp in SACRAMENTO BANDITS zone.
11:06 of 2nd period - Anton Lundell is hit by Aaron Ekblad.
11:25 of 2nd period - Minor Penalty to Ryan McDonagh for Roughing.
11:26 of 2nd period - Jack Eichel wins face-off versus Andrew Copp in SACRAMENTO BANDITS zone.
11:29 of 2nd period - Shot by Shea Theodore.
11:29 of 2nd period - Stopped by Carter Hart with a rebound.
11:37 of 2nd period - Shot by Alex Tuch.
11:37 of 2nd period - Stopped by Carter Hart without a rebound.
11:38 of 2nd period - Andrew Copp wins face-off versus Jack Eichel in SACRAMENTO BANDITS zone.
11:38 of 2nd period - Andrew Copp is hit by Tomas Tatar.
11:45 of 2nd period - Icing by Alex Tuch.
11:46 of 2nd period - Andrew Copp wins face-off versus Jack Eichel in EDMONTON ICE zone.
12:03 of 2nd period - Shot by Shea Theodore.
12:03 of 2nd period - Stopped by Carter Hart without a rebound.
12:04 of 2nd period - Dawson Mercer wins face-off versus Jordan Martinook in SACRAMENTO BANDITS zone.
12:08 of 2nd period - Scott Laughton is hit by Radko Gudas and loses puck.
12:32 of 2nd period - Off-side.
12:33 of 2nd period - Andrew Copp wins face-off versus Jack Eichel in neutral zone.
12:44 of 2nd period - Shot by Jack Eichel.
12:44 of 2nd period - Goal by Jack Eichel - EDMONTON ICE : 1 - SACRAMENTO BANDITS : 0.
12:45 of 2nd period - Evgeny Kuznetsov wins face-off versus Thomas Novak in neutral zone.
12:56 of 2nd period - Evgeny Kuznetsov is hit by Tomas Tatar and loses puck.
13:25 of 2nd period - Shot by Scott Laughton.
13:25 of 2nd period - Shot Misses the Net.
13:39 of 2nd period - Icing by Andre Burakovsky.
13:40 of 2nd period - Jack Eichel wins face-off versus Evgeny Kuznetsov in SACRAMENTO BANDITS zone.
13:45 of 2nd period - Shot by Jack Eichel.
13:45 of 2nd period - Shot Blocked by Ryan McDonagh.
13:47 of 2nd period - Shot by Alex Tuch.
13:47 of 2nd period - Shot Misses the Net.
13:49 of 2nd period - Shot by Jack Eichel.
13:49 of 2nd period - Goal by Jack Eichel - EDMONTON ICE : 2 - SACRAMENTO BANDITS : 0.
13:50 of 2nd period - Jack Eichel wins face-off versus Cody Glass in neutral zone.
13:52 of 2nd period - Alex Tuch is hit by Alexandre Carrier and loses puck.
14:03 of 2nd period - Shot by Jordan Martinook.
14:03 of 2nd period - Shot Blocked by Jonas Brodin.
14:05 of 2nd period - Shot by Rasmus Sandin.
14:05 of 2nd period - Stopped by Vitek Vanecek without a rebound.
14:06 of 2nd period - Andrew Copp wins face-off versus Anthony Beauvillier in EDMONTON ICE zone.
14:31 of 2nd period - Shot by Anthony Beauvillier.
14:31 of 2nd period - Stopped by Carter Hart without a rebound.
14:32 of 2nd period - Jack Eichel wins face-off versus Cody Glass in SACRAMENTO BANDITS zone.
14:40 of 2nd period - Off-side.
14:41 of 2nd period - Evgeny Kuznetsov wins face-off versus Alex Tuch in neutral zone.
16:09 of 2nd period - Shot by Scott Laughton.
16:09 of 2nd period - Stopped by Carter Hart without a rebound.
16:10 of 2nd period - Dawson Mercer wins face-off versus Andrew Copp in SACRAMENTO BANDITS zone.
16:14 of 2nd period - Icing by Brandon Tanev.
16:15 of 2nd period - Andrew Copp wins face-off versus Dawson Mercer in SACRAMENTO BANDITS zone.
16:39 of 2nd period - Off-side.
16:40 of 2nd period - Cody Glass wins face-off versus Thomas Novak in neutral zone.
17:51 of 2nd period - Shot by Jack Eichel.
17:51 of 2nd period - Shot Misses the Net.
18:03 of 2nd period - Shot by Alex Tuch.
18:03 of 2nd period - Shot Misses the Net.
18:05 of 2nd period - Shot by Shea Theodore.
18:05 of 2nd period - Shot Blocked by Aaron Ekblad.
18:07 of 2nd period - Shot by Jack Eichel.
18:07 of 2nd period - Stopped by Carter Hart without a rebound.
18:08 of 2nd period - Andrew Copp wins face-off versus Dawson Mercer in SACRAMENTO BANDITS zone.
18:28 of 2nd period - Shot by Evgeny Dadonov.
18:28 of 2nd period - Shot Misses the Net.
18:30 of 2nd period - Shot by Anthony Beauvillier.
18:30 of 2nd period - Shot Blocked by Radko Gudas.
18:52 of 2nd period - Shot by Evander Kane.
18:52 of 2nd period - Stopped by Vitek Vanecek with a rebound.
19:03 of 2nd period - Icing by Radko Gudas.
19:04 of 2nd period - Jack Eichel wins face-off versus Andrew Copp in SACRAMENTO BANDITS zone.
19:26 of 2nd period - Off-side.
19:27 of 2nd period - Thomas Novak wins face-off versus Evgeny Kuznetsov in neutral zone.
19:29 of 2nd period - Michael Matheson is hit by Rasmus Sandin and loses puck.
19:52 of 2nd period - Shot by Evgeny Kuznetsov.
19:52 of 2nd period - Stopped by Vitek Vanecek with a rebound.
19:58 of 2nd period - Shot by Evgeny Kuznetsov.
19:58 of 2nd period - Shot Misses the Net.
Goals for this period are 2 for EDMONTON ICE vs 0 for SACRAMENTO BANDITS.
Shots for this period are 15 for EDMONTON ICE vs 8 for SACRAMENTO BANDITS.

3rd period


0:01 of 3rd period - Evgeny Kuznetsov wins face-off versus Jack Eichel in neutral zone.
0:12 of 3rd period - Shot by Jonathan Huberdeau.
0:12 of 3rd period - Shot Blocked by Alex Tuch.
0:14 of 3rd period - Shot by Aaron Ekblad.
0:14 of 3rd period - Shot Misses the Net.
0:16 of 3rd period - Shot by Aaron Ekblad.
0:16 of 3rd period - Shot Misses the Net.
0:18 of 3rd period - Shot by Aaron Ekblad.
0:18 of 3rd period - Shot Misses the Net.
0:38 of 3rd period - Evgeny Kuznetsov is hit by Jack Eichel.
0:44 of 3rd period - Shot by Jack Eichel.
0:44 of 3rd period - Stopped by Carter Hart without a rebound.
0:45 of 3rd period - Andrew Copp wins face-off versus Thomas Novak in SACRAMENTO BANDITS zone.
1:49 of 3rd period - Shot by Robert Fabbri.
1:49 of 3rd period - Stopped by Vitek Vanecek with a rebound.
1:51 of 3rd period - Shot by Rasmus Sandin.
1:51 of 3rd period - Shot Misses the Net.
1:53 of 3rd period - Shot by Robert Fabbri.
1:53 of 3rd period - Stopped by Vitek Vanecek without a rebound.
1:54 of 3rd period - Evgeny Kuznetsov wins face-off versus Jack Eichel in EDMONTON ICE zone.
1:57 of 3rd period - Shot by Andre Burakovsky.
1:57 of 3rd period - Stopped by Vitek Vanecek without a rebound.
1:58 of 3rd period - Jack Eichel wins face-off versus Evgeny Kuznetsov in EDMONTON ICE zone.
2:03 of 3rd period - Shot by Nino Niederreiter.
2:03 of 3rd period - Shot Misses the Net.
2:05 of 3rd period - Shot by Jack Eichel.
2:05 of 3rd period - Shot Misses the Net.
2:07 of 3rd period - Shot by Ryan Graves.
2:07 of 3rd period - Shot Misses the Net.
2:09 of 3rd period - Shot by Alex Tuch.
2:09 of 3rd period - Stopped by Carter Hart with a rebound.
2:11 of 3rd period - Shot by Ryan Graves.
2:11 of 3rd period - Stopped by Carter Hart without a rebound.
2:12 of 3rd period - Dawson Mercer wins face-off versus Cody Glass in SACRAMENTO BANDITS zone.
2:13 of 3rd period - Shot by Anthony Beauvillier.
2:13 of 3rd period - Shot Misses the Net.
2:25 of 3rd period - Shot by Robert Fabbri.
2:25 of 3rd period - Goal by Robert Fabbri - EDMONTON ICE : 2 - SACRAMENTO BANDITS : 1.
2:26 of 3rd period - Jack Eichel wins face-off versus Evgeny Kuznetsov in neutral zone.
2:32 of 3rd period - Icing by Aaron Ekblad.
2:33 of 3rd period - Evgeny Kuznetsov wins face-off versus Jack Eichel in SACRAMENTO BANDITS zone.
2:50 of 3rd period - Shot by Jack Eichel.
2:50 of 3rd period - Shot Blocked by Jonathan Huberdeau.
2:52 of 3rd period - Shot by Jack Eichel.
2:52 of 3rd period - Shot Misses the Net.
2:54 of 3rd period - Shot by Ryan Graves.
2:54 of 3rd period - Stopped by Carter Hart without a rebound.
2:55 of 3rd period - Cody Glass wins face-off versus Tomas Tatar in SACRAMENTO BANDITS zone.
2:57 of 3rd period - Icing by Robert Fabbri.
2:58 of 3rd period - Cody Glass wins face-off versus Thomas Novak in SACRAMENTO BANDITS zone.
3:02 of 3rd period - Icing by Cody Glass.
3:03 of 3rd period - Jack Eichel wins face-off versus Cody Glass in SACRAMENTO BANDITS zone.
3:09 of 3rd period - Minor Penalty to Nino Niederreiter for Hooking.
3:10 of 3rd period - Anton Lundell wins face-off versus Evgeny Kuznetsov in EDMONTON ICE zone.
5:26 of 3rd period - Off-side.
5:27 of 3rd period - Fabian Zetterlund wins face-off versus Jack Eichel in neutral zone.
6:00 of 3rd period - Shot by Jack Eichel.
6:00 of 3rd period - Stopped by Carter Hart without a rebound.
6:01 of 3rd period - Evgeny Kuznetsov wins face-off versus Thomas Novak in SACRAMENTO BANDITS zone.
6:03 of 3rd period - Icing by Andre Burakovsky.
6:04 of 3rd period - Evgeny Kuznetsov wins face-off versus Thomas Novak in SACRAMENTO BANDITS zone.
6:04 of 3rd period - Evgeny Kuznetsov is hit by Thomas Novak.
6:16 of 3rd period - Shot by Andre Burakovsky.
6:16 of 3rd period - Shot Misses the Net.
6:23 of 3rd period - Jonathan Huberdeau is hit by Ryan Graves and loses puck.
6:47 of 3rd period - Evgeny Kuznetsov is hit by Scott Laughton and loses puck.
7:19 of 3rd period - Shot by Brandon Tanev.
7:19 of 3rd period - Shot Misses the Net.
7:21 of 3rd period - Shot by Alexandre Carrier.
7:21 of 3rd period - Goal by Alexandre Carrier - EDMONTON ICE : 2 - SACRAMENTO BANDITS : 2.
7:22 of 3rd period - Cody Glass wins face-off versus Dawson Mercer in neutral zone.
7:29 of 3rd period - Shot by Robert Fabbri.
7:29 of 3rd period - Stopped by Vitek Vanecek without a rebound.
7:30 of 3rd period - Jack Eichel wins face-off versus Cody Glass in EDMONTON ICE zone.
7:30 of 3rd period - Jack Eichel is hit by Jordan Martinook.
7:48 of 3rd period - Robert Fabbri is hit by Michael Matheson and loses puck.
8:13 of 3rd period - Shot by Nino Niederreiter.
8:13 of 3rd period - Stopped by Carter Hart without a rebound.
8:14 of 3rd period - Andrew Copp wins face-off versus Dawson Mercer in SACRAMENTO BANDITS zone.
8:31 of 3rd period - Aaron Ekblad is hit by Zach Whitecloud and loses puck.
8:37 of 3rd period - Icing by Dawson Mercer.
8:38 of 3rd period - Andre Burakovsky wins face-off versus Anthony Beauvillier in EDMONTON ICE zone.
8:47 of 3rd period - Shot by Dawson Mercer.
8:47 of 3rd period - Shot Misses the Net.
8:52 of 3rd period - Off-side.
8:53 of 3rd period - Thomas Novak wins face-off versus Brandon Tanev in neutral zone.
9:00 of 3rd period - Shot by Thomas Novak.
9:00 of 3rd period - Stopped by Carter Hart without a rebound.
9:01 of 3rd period - Andrew Copp wins face-off versus Jack Eichel in SACRAMENTO BANDITS zone.
9:06 of 3rd period - Shot by Evander Kane.
9:06 of 3rd period - Stopped by Vitek Vanecek without a rebound.
9:07 of 3rd period - Andrew Copp wins face-off versus Thomas Novak in EDMONTON ICE zone.
9:07 of 3rd period - Minor Penalty to Ryan Graves for Tripping.
9:08 of 3rd period - Evgeny Kuznetsov wins face-off versus Anton Lundell in EDMONTON ICE zone.
9:55 of 3rd period - Shot by Andre Burakovsky.
9:55 of 3rd period - Stopped by Vitek Vanecek with a rebound.
10:07 of 3rd period - Shot by Anton Lundell.
10:07 of 3rd period - Stopped by Carter Hart without a rebound.
10:08 of 3rd period - Andrew Copp wins face-off versus Evgeny Dadonov in SACRAMENTO BANDITS zone.
10:25 of 3rd period - Andrew Copp is hit by Jonas Brodin and loses puck.
10:28 of 3rd period - Shot by Andrew Copp.
10:28 of 3rd period - Shot Misses the Net.
11:14 of 3rd period - Shot by Ryan McDonagh.
11:14 of 3rd period - Stopped by Vitek Vanecek without a rebound.
11:15 of 3rd period - Cody Glass wins face-off versus Thomas Novak in EDMONTON ICE zone.
11:15 of 3rd period - Cody Glass is hit by Jordan Spence.
11:48 of 3rd period - Off-side.
11:49 of 3rd period - Jack Eichel wins face-off versus Evgeny Kuznetsov in neutral zone.
11:58 of 3rd period - Michael Matheson is hit by Jonathan Huberdeau and loses puck.
12:05 of 3rd period - Shot by Evgeny Kuznetsov.
12:05 of 3rd period - Stopped by Vitek Vanecek without a rebound.
12:06 of 3rd period - Andrew Copp wins face-off versus Dawson Mercer in EDMONTON ICE zone.
12:07 of 3rd period - Shot by Evander Kane.
12:07 of 3rd period - Goal by Evander Kane - EDMONTON ICE : 2 - SACRAMENTO BANDITS : 3.
12:08 of 3rd period - Jack Eichel wins face-off versus Andrew Copp in neutral zone.
12:32 of 3rd period - Brandon Tanev is hit by Shea Theodore and loses puck.
12:51 of 3rd period - Shot by Evander Kane.
12:51 of 3rd period - Shot Misses the Net.
13:02 of 3rd period - Icing by Shea Theodore.
13:03 of 3rd period - Evgeny Kuznetsov wins face-off versus Jack Eichel in EDMONTON ICE zone.
13:03 of 3rd period - Jonathan Huberdeau is hit by Michael Matheson and loses puck.
13:14 of 3rd period - Shot by Evgeny Kuznetsov.
13:14 of 3rd period - Stopped by Vitek Vanecek without a rebound.
13:15 of 3rd period - Cody Glass wins face-off versus Thomas Novak in EDMONTON ICE zone.
13:22 of 3rd period - Shot by Scott Laughton.
13:22 of 3rd period - Stopped by Carter Hart without a rebound.
13:23 of 3rd period - Thomas Novak wins face-off versus Andre Burakovsky in SACRAMENTO BANDITS zone.
13:23 of 3rd period - Scott Laughton is hit by Radko Gudas and loses puck.
13:34 of 3rd period - Shot by Evgeny Kuznetsov.
13:34 of 3rd period - Stopped by Vitek Vanecek without a rebound.
13:35 of 3rd period - Dawson Mercer wins face-off versus Jordan Martinook in EDMONTON ICE zone.
14:04 of 3rd period - Shot by Jordan Martinook.
14:04 of 3rd period - Stopped by Vitek Vanecek with a rebound.
14:06 of 3rd period - Shot by Jordan Martinook.
14:06 of 3rd period - Shot Misses the Net.
14:35 of 3rd period - Icing by Janis Moser.
14:36 of 3rd period - Thomas Novak wins face-off versus Evgeny Kuznetsov in SACRAMENTO BANDITS zone.
14:40 of 3rd period - Icing by Janis Moser.
14:41 of 3rd period - Evgeny Kuznetsov wins face-off versus Thomas Novak in SACRAMENTO BANDITS zone.
14:46 of 3rd period - Shea Theodore is hit by Radko Gudas and loses puck.
15:59 of 3rd period - Icing by Ryan McDonagh.
16:00 of 3rd period - Dawson Mercer wins face-off versus Andrew Copp in SACRAMENTO BANDITS zone.
17:36 of 3rd period - Shot by Andre Burakovsky.
17:36 of 3rd period - Shot Misses the Net.
17:38 of 3rd period - Shot by Jonathan Huberdeau.
17:38 of 3rd period - Shot Misses the Net.
17:40 of 3rd period - Shot by Janis Moser.
17:40 of 3rd period - Shot Misses the Net.
17:51 of 3rd period - Icing by Thomas Novak.
17:52 of 3rd period - Danil Gushchin wins face-off versus Thomas Novak in EDMONTON ICE zone.
18:18 of 3rd period - Icing by Ryan McDonagh.
18:19 of 3rd period - Jack Eichel wins face-off versus Peyton Krebs in SACRAMENTO BANDITS zone.
19:00 of 3rd period - EDMONTON ICE, Vitek Vanecek is pulled from the net.
19:02 of 3rd period - Shot by Jack Eichel.
19:02 of 3rd period - Stopped by Carter Hart without a rebound.
19:03 of 3rd period - Andrew Copp wins face-off versus Jack Eichel in SACRAMENTO BANDITS zone.
19:23 of 3rd period - Shot by Jack Eichel.
19:23 of 3rd period - Deflect By Alex Tuch.
19:23 of 3rd period - Shot Misses the Net.
19:25 of 3rd period - Shot by Alex Tuch.
19:25 of 3rd period - Deflect By Jack Eichel.
19:25 of 3rd period - Shot Hit the Post.
19:35 of 3rd period - Shot by Jack Eichel.
19:35 of 3rd period - Stopped by Carter Hart without a rebound.
19:36 of 3rd period - Dawson Mercer wins face-off versus Andrew Copp in SACRAMENTO BANDITS zone.
Goals for this period are 0 for EDMONTON ICE vs 3 for SACRAMENTO BANDITS.
Shots for this period are 11 for EDMONTON ICE vs 14 for SACRAMENTO BANDITS.


BLAKE
WHEELER
STEVEN
STAMKOS
DREW
DOUGHTY

EAST COAST

HOCKEY LEAGUE

  • 63.RHI2PIT5
  • 64.WOR4ATL3
  • 65.QUECHW
  • 66.CHATRV